 Dungeon Sprint DCSS version 0.22-a0-580-gd5db89c (webtiles) character file.

487966 raistware the End of an Era (level 19, 207/207 HPs)
             Began as a Hill Orc Fighter on July 3, 2018.
             Was the Champion of Qazlal.
             Escaped with the Orb!
             The game lasted 00:42:10 (4696 turns).

raistware the End of an Era (Hill Orc Fighter)      Turns: 4696, Time: 00:42:11

Health: 207/207    AC: 47    Str: 32    XL:     19   Next: 97%
Magic:  39/39      EV: 21    Int: 15    God:    Qazlal [******]
Gold:   0          SH: 42    Dex: 20    Spells: 42/50 levels left

rFire    + + +     SeeInvis +   F - +16 lance "Wyrmbane" {slay drac, rPois rF+ rC+ AC+3}
rCold    + + +     Gourm    .   G - +18 shield of the Gong {rElec rN+ MR+ EV-5}
rNeg     + + .     Faith    .   l - +9 gold dragon scales
rPois    +         Spirit   .   W - +1 helmet of a labyrinth {rN+ SInv}
rElec    +         Reflect  .   z - scarf {rC+ rF+}
rCorr    .         Harm     .   U - +1 pair of gloves {Dex+3}
MR       ++...     NoTele   +   L - +0 pair of boots {run}
Stlth    ..........             E - amulet "Xiomir" {RegenMP rF+ Int+2}
HPRegen  0.44/turn              D - +6 ring of strength
MPRegen  0.51/turn              J - ring of the Thirteen Lies {Int+4 Dex+7}

@: studying 3 skills, repel missiles, quick
A: deterioration 1
0: Orb of Zot
a: Upheaval, Elemental Force, Disaster Area, Renounce Religion


You escaped.
You worshipped Qazlal.
Qazlal was exalted by your worship.
You were not hungry.

You visited 1 branch

Inventory:

Hand Weapons
 F - the +16 lance "Wyrmbane" (weapon) {slay drac, rPois rF+ rC+ AC+3}
   (You found it in the Dungeon)

   It affects your AC (+3).
   It protects you from fire.
   It protects you from cold.
   It protects you from poison.
Armour
 l - +9 gold dragon scales (worn)
 z - a scarf of resistance (worn)
 G - the +18 shield of the Gong (worn) {rElec rN+ MR+ EV-5}
   (You found it in the Dungeon)

   It affects your evasion (-5).
   It insulates you from electricity.
   It protects you from negative energy.
   It affects your resistance to hostile enchantments.
 L - a +0 pair of boots of running (worn)
 U - a +1 pair of gloves of dexterity (worn)
 W - the +1 helmet of a labyrinth (worn) {rN+ SInv}
   (You found it in the Dungeon)

   It protects you from negative energy.
   It lets you see invisible.
Jewellery
 u - a +4 amulet of reflection
 D - a +6 ring of strength (left hand)
 E - the amulet "Xiomir" (around neck) {RegenMP rF+ Int+2}
   (You found it in the Dungeon)

   [amulet of magic regeneration]

   It increases your magic regeneration.
   It affects your intelligence (+2).
   It protects you from fire.
 H - the ring of Ditruv {rF+ MR+ Str+3}
   (You found it in the Dungeon)

   [ring of strength]

   It affects your strength (+3).
   It protects you from fire.
   It affects your resistance to hostile enchantments.
 I - the ring "Fanwampa" {rF+ Dex+4 SInv}
   (You found it in the Dungeon)

   [ring of protection from fire]

   It affects your dexterity (+4).
   It protects you from fire.
   It lets you see invisible.
 J - the ring of the Thirteen Lies (right hand) {Int+4 Dex+7}
   (You took it off an iron imp in the Dungeon)

   [ring of intelligence]

   It affects your intelligence (+4).
   It affects your dexterity (+7).
 K - the ring of Robustness {AC+8}
   (You found it in the Dungeon)

   [ring of protection]

   It affects your AC (+8).
 M - the ring of Buolodghok {AC+2 Dex+5}
   (You found it in the Dungeon)

   [ring of protection]

   It affects your AC (+2).
   It affects your dexterity (+5).
 O - the ring "Juadyube" {+Fly MR+ EV+5 Dex+2}
   (You took it off a draconian shifter in the Dungeon)

   [ring of evasion]

   It affects your evasion (+5).
   It affects your dexterity (+2).
   It affects your resistance to hostile enchantments.
   It lets you fly.
 Q - the amulet of the Burgomaster {Inacc rC- Str+5}
   (You found it in the Dungeon)

   [amulet of inaccuracy]

   It reduces the accuracy of all your attacks.
   It affects your strength (+5).
   It makes you vulnerable to cold.
 R - the ring of Sinolen {Wiz MR+ Dex+6}
   (You took it off a skeletal warrior in the Dungeon)

   [ring of wizardry]

   It improves your spell success rate.
   It affects your dexterity (+6).
   It affects your resistance to hostile enchantments.
Wands
 w - a wand of disintegration (7)
 x - a wand of iceblast (7)
 y - a wand of acid (7)
Scrolls
 b - 4 scrolls of amnesia
 k - 4 scrolls of blinking
 m - 7 scrolls of fog
 n - a scroll of holy word
 o - 4 scrolls of identify
 p - 5 scrolls of remove curse
 q - 2 scrolls of fear
 C - 16 scrolls of brand weapon
 P - 4 scrolls of enchant weapon
Potions
 d - 9 potions of might
 e - 8 potions of curing
 g - 24 potions of heal wounds
 h - 22 potions of haste
 i - 7 potions of magic
 j - 3 potions of berserk rage
 r - 2 potions of brilliance
 s - 2 potions of invisibility
 t - 3 potions of resistance
 v - 6 potions of agility
Books
 N - a manual of Earth Magic
 S - a manual of Slings
 T - a manual of Summonings
Miscellaneous
 c - 9 phantom mirrors
 A - 7 sacks of spiders
 B - a lightning rod (4/4)
Comestibles
 f - 21 rations


   Skills:
 O Level 27 Fighting
 - Level 12.1 Polearms
 O Level 27 Armour
 O Level 27 Dodging
 - Level 15.0 Shields
 + Level 16.3 Spellcasting
 + Level 2.5 Summonings
 + Level 20.2 Necromancy
 + Level 2.5 Earth Magic
 O Level 27 Invocations
 + Level 21.7 Evocations


You had 42 spell levels left.
You knew the following spells:

 Your Spells              Type           Power        Failure   Level  Hunger
a - Infestation           Necr           ######....   36%         8    #######

Your spell library contained the following spells:

 Spells                   Type           Power        Failure   Level  Hunger
 Cause Fear               Hex            ##........   93%         4    #......
 Magic Dart               Conj           ##..         24%         1    None
 Fireball                 Conj/Fire      ##........   100%        5    ####...
 Apportation              Tloc           ##....       24%         1    None
 Conjure Flame            Conj/Fire      ##......     56%         3    None
 Bolt of Fire             Conj/Fire      ##........   100%        6    ######.
 Bolt of Cold             Conj/Ice       ##........   100%        6    ######.
 Lightning Bolt           Conj/Air       ##........   100%        5    ####...
 Bolt of Magma            Conj/Fire/Erth ##........   99%         5    ####...
 Slow                     Hex            ##......     34%         2    None
 Confuse                  Hex            ##......     56%         3    None
 Invisibility             Hex            ##......     100%        6    ######.
 Throw Flame              Conj/Fire      ##....       34%         2    None
 Throw Frost              Conj/Ice       ##....       34%         2    None
 Controlled Blink         Tloc           N/A          100%        8    #######
 Freezing Cloud           Conj/Ice/Air   ##........   100%        6    ######.
 Mephitic Cloud           Conj/Pois/Air  ##......     56%         3    None
 Ring of Flames           Chrm/Fire      ##........   100%        7    #######
 Venom Bolt               Conj/Pois      ##........   100%        5    ####...
 Olgreb's Toxic Radiance  Pois           ##......     93%         4    #......
 Teleport Other           Tloc           ##......     56%         3    None
 Death's Door             Chrm/Necr      #####.....   100%        8    #######
 Summon Small Mammal      Summ           ###.         9%          1    None
 Iskenderun's Mystic Bla  Conj           ##......     93%         4    #......
 Summon Horrible Things   Summ           ###.......   100%        8    #######
 Animate Dead             Necr           N/A          1%          4    #......
 Pain                     Necr           ####         0%          1    None
 Animate Skeleton         Necr           N/A          0%          1    None
 Vampiric Draining        Necr           ######....   1%          3    None
 Haunt                    Necr/Summ      #####.....   88%         7    #######
 Borgnjor's Revivificati  Necr           ######....   36%         8    #######
 Freeze                   Ice            ##..         24%         1    None
 Ozocubu's Refrigeration  Ice            ##........   100%        6    ######.
 Sticky Flame             Conj/Fire      ##......     93%         4    #......
 Summon Ice Beast         Ice/Summ       ###.....     80%         4    #......
 Ozocubu's Armour         Chrm/Ice       ##......     56%         3    None
 Call Imp                 Summ           ###.....     13%         2    None
 Regeneration             Chrm/Necr      #####.....   1%          3    None
 Sting                    Conj/Pois      ##..         24%         1    None
 Sublimation of Blood     Necr           ######....   0%          2    None
 Tukima's Dance           Hex            ##......     56%         3    None
 Summon Demon             Summ           ###.......   93%         5    ####...
 Summon Greater Demon     Summ           ###.......   100%        7    #######
 Corpse Rot               Necr           N/A          0%          2    None
 Iron Shot                Conj/Erth      ###.......   100%        6    ######.
 Stone Arrow              Conj/Erth      ###...       38%         3    None
 Shock                    Conj/Air       ##..         24%         1    None
 Swiftness                Chrm/Air       ##......     34%         2    None
 Recall                   Summ/Tloc      N/A          38%         3    None
 Statue Form              Tmut/Erth      ###......    100%        6    ######.
 Ice Form                 Ice/Tmut       ##......     93%         4    #......
 Dragon Form              Tmut           ##........   100%        7    #######
 Necromutation            Tmut/Necr      #####.....   100%        8    #######
 Death Channel            Necr           ######....   1%          6    ######.
 Deflect Missiles         Chrm/Air       ##........   100%        6    ######.
 Throw Icicle             Conj/Ice       ##......     93%         4    #......
 Airstrike                Air            ##........   93%         4    #......
 Shadow Creatures         Summ           N/A          100%        6    ######.
 Confusing Touch          Hex            ##....       24%         1    None
 Flame Tongue             Conj/Fire      ##...        24%         1    None
 Passwall                 Tmut/Erth      ###.....     22%         2    None
 Ignite Poison            Fire/Tmut/Pois ##......     56%         3    None
 Sticks to Snakes         Tmut           ##......     34%         2    None
 Call Canine Familiar     Summ           ###.....     26%         3    None
 Ensorcelled Hibernation  Hex/Ice        ##....       34%         2    None
 Metabolic Englaciation   Hex/Ice        ##........   100%        5    ####...
 Summon Butterflies       Summ           ###.....     9%          1    None
 Silence                  Hex/Air        ##........   100%        5    ####...
 Shatter                  Erth           ###.......   100%        9    #######
 Dispersal                Tloc           ##........   100%        6    ######.
 Static Discharge         Conj/Air       ##......     56%         3    None
 Corona                   Hex            ##.....      24%         1    None
 Alistair's Intoxication  Tmut/Pois      ##......     100%        5    ####...
 Lee's Rapid Deconstruct  Erth           ###.......   93%         5    ####...
 Sandblast                Erth           ###...       9%          1    None
 Simulacrum               Ice/Necr       #####.....   50%         6    ######.
 Conjure Ball Lightning   Conj/Air       ##........   100%        6    ######.
 Excruciating Wounds      Chrm/Necr      #####.....   11%         5    ####...
 Portal Projectile        Hex/Tloc       ##....       56%         3    None
 Monstrous Menagerie      Summ           ###.......   100%        7    #######
 Petrify                  Tmut/Erth      ###.....     80%         4    #......
 Passage of Golubria      Tloc           N/A          93%         4    #......
 Malign Gateway           Summ/Tloc      ###.......   100%        7    #######
 Tornado                  Air            ##........   100%        9    #######
 Leda's Liquefaction      Hex/Erth       ###.......   80%         4    #......
 Summon Hydra             Summ           ###.......   100%        7    #######
 Darkness                 Hex            ##........   100%        6    ######.
 Shroud of Golubria       Chrm/Tloc      ##........   34%         2    None
 Inner Flame              Hex/Fire       ##......     56%         3    None
 Aura of Abjuration       Summ           ###.......   93%         5    ####...
 Beastly Appendage        Tmut           ##....       24%         1    None
 Disjunction              Tloc           ##........   100%        8    #######
 Fulminant Prism          Conj/Hex       ##........   93%         4    #......
 Dazzling Spray           Conj/Hex       ##....       56%         3    None
 Force Lance              Conj/Tloc      ##......     93%         4    #......
 Infusion                 Chrm           ##..         24%         1    None
 Song of Slaying          Chrm           ##......     34%         2    None
 Spectral Weapon          Hex/Chrm       ##......     56%         3    None
 Searing Ray              Conj           ##....       34%         2    None
 Discord                  Hex            ##........   100%        8    #######
 Summon Forest            Summ/Tloc      ###.......   98%         5    ####...
 Summon Lightning Spire   Summ/Air       ###.....     80%         4    #......
 Summon Guardian Golem    Hex/Summ       ###.....     38%         3    None
 Dragon's Call            Summ           ###.......   100%        9    #######
 Spellforged Servitor     Conj/Summ      ###.......   100%        7    #######
 Summon Mana Viper        Hex/Summ       ###.....     98%         5    ####...
 Hydra Form               Tmut           ##........   100%        6    ######.
 Irradiate                Conj/Tmut      ##........   100%        5    ####...
 Gell's Gravitas          Tloc           ##........   56%         3    None
 Yara's Violent Unravell  Hex/Tmut       ##........   100%        5    ####...
 Lesser Beckoning         Tloc           ##........   56%         3    None
 Poisonous Vapours        Pois/Air       ##....       34%         2    None
 Ignition                 Fire           ##........   100%        8    #######
 Borgnjor's Vile Clutch   Necr/Erth      #####.....   6%          5    ####...


Dungeon Overview and Level Annotations

Branches:
Dungeon (1/1)

Altars:
Ashenzari
Cheibriados
Dithmenos
Elyvilon
Fedhas
Gozag
Hepliaklqana
Kikubaaqudgha
Makhleb
Nemelex Xobeh
Okawaru
Qazlal
Ru
Sif Muna
Trog
Uskayaw
Vehumet
Wu Jian
Xom
Yredelemnul
Zin
The Shining One
Beogh
Jiyva
Lugonu


Innate Abilities, Weirdness & Mutations

Your body sometimes deteriorates upon taking damage.


Message History

You are feeling very hungry.
You start waiting.
A neqoxec comes into view.
The neqoxec gestures at you.
Strange energies course through your body.
You feel yourself wasting away.
Attack whom?
Press: ? - help, Dir - move target cursor, f - neqoxec
Aim: a neqoxec You reach to attack!
You puncture the neqoxec!
The neqoxec is moderately wounded.
You impale the neqoxec!!
The neqoxec is almost dead.
You puncture the neqoxec!
You kill the neqoxec!
Qazlal accepts your kill.
No target in view!
There is a staircase leading out of the dungeon here.
You eat one of the 22 rations.
That ration really hit the spot!
You have escaped!

.)).=.......▓..▓...[...▓..▓...8©8
...)..).)...▓.▓.▓[..).▓.▓.▓..))..
..).........▓..▓)......▓..▓..)...
..))).......▓.............▓......
............▓......©......▓......
............▓▓▓▓▓▓▓▓▓▓▓▓▓▓▓....†.
▓.......▓...▓8888888888888▓......
▓▓.....▓▓▓..▓8.....§.....8▓..▓...
▓.......▓...▓8§§@.....©..8▓.▓....
............▓8..§.§§.....8▓....©.
....©.......▓8888888888888▓▓▓▓▓▓▓
▓▓▓▓▓▓▓▓▓▓▓▓▓▓▓▓▓▓▓▓▓▓▓▓▓▓▓▓▓▓▓▓▓
.....8©8........▓........8©8.....
.}.[.).}.|"..}).▓."..[}....).)[})
...==...=..=||..▓.=.."}.[)}}[|))|
...}..}"}..[))=.▓.}[)}..|..)}..[[
.|....)..:......▓..........}[....


There were no monsters in sight!

Vanquished Creatures
  4 shard shrikes (D)
  2 pandemonium lords (D)
  A bone dragon (D)
  2 pearl dragons (D)
  An Orb Guardian (D)
  2 liches (D)
  An Ice Fiend (D)
  2 deep elf blademasters (D)
  3 deep elf master archers (D)
  3 tentacled starspawn (D)
  2 draconian monks (D)
  6 nagarajas (D)
  A daeva (D)
  2 fire giants (D)
  3 deep elf sorcerers (D)
  5 draconian shifters (D)
  2 draconian knights (D)
  10 reapers (D)
  9 draconian annihilators (D)
  A very ugly thing (D)
  2 stone giants (D)
  A ghoul (D)
  5 draconian stormcallers (D)
  2 ophanim (D)
  14 green draconians (D)
  17 black draconians (D)
  3 deep elf annihilators (D)
  2 apis (D)
  12 yellow draconians (D)
  15 white draconians (D)
  14 red draconians (D)
  13 purple draconians (D)
  3 merfolk impalers (D)
  A blizzard demon (D)
  3 merfolk javelineers (D)
  A rakshasa (D)
  3 ice dragons (D)
  3 deep elf high priests (D)
  3 hydras (D)
  5 naga warriors (D)
  4 merfolk aquamancers (D)
  2 two-headed ogres (D)
  2 catoblepae (D)
  A death yak (D)
  A hell hog (D)
  5 anacondas (D)
  2 dancing weapons (D)
  3 vampire magi (D)
  2 thrashing horrors (D)
  A cherub (D)
  4 skeletal warriors (D)
  A sixfirhy (D)
  4 wretched stars (D)
  3 deep elf knights (D)
  2 sea snakes (D)
  A flayed ghost (D)
  5 starcursed masses (D)
  4 necromancers (D)
  5 deep elf magi (D)
  An orc sorcerer (D)
  6 cyclopes (D)
  A shining eye (D)
  A worldbinder (D)
  2 manticores (D)
  A moth of wrath (D)
  An elephant (D)
  A merfolk siren (D)
  An eye of devastation (D)
  11 black mambas (D)
  An apocalypse crab (D)
  6 spiny frogs (D)
  A water nymph (D)
  9 guardian serpents (D)
  4 naga magi (D)
  3 rust devils (D)
  3 smoke demons (D)
  2 hellions (D)
  3 komodo dragons (D)
  2 ancient zymes (D)
  An efreet (D)
  6 freezing wraiths (D)
  5 tormentors (D)
  A rime drake (D)
  18 merfolk (D)
  4 ice devils (D)
  5 trolls (D)
  2 red devils (D)
  2 wind drakes (D)
  2 jumping spiders (D)
  A polar bear (D)
  2 blink frogs (D)
  A snapping turtle (D)
  A dream sheep (D)
  A raiju (D)
  4 hippogriffs (D)
  5 flying skulls (D)
  9 large abominations (D)
  2 tarantellas (D)
  3 ynoxinuls (D)
  6 yaks (D)
  4 shadows (D)
  A water elemental (D)
  2 basilisks (D)
  A wyvern (D)
  3 wraiths (D)
  A chaos spawn (D)
  3 neqoxecs (D)
  4 hungry ghosts (D)
  3 nagas (D)
  7 water moccasins (D)
  3 hell hounds (D)
  4 porcupines (D)
  An eye of draining (D)
  8 small abominations (D)
  2 ogres (D)
  2 wolves (D)
  4 necrophages (D)
  4 crocodiles (D)
  2 bullfrogs (D)
  An earth elemental (D)
  4 scorpions (D)
  7 wights (D)
  2 crimson imps (D)
  2 quasits (D)
  5 iron imps (D)
  3 iguanas (D)
  A jelly (D)
  6 adders (D)
  3 shadow imps (D)
  8 white imps (D)
  3 ufetubi (D)
  9 adder skeletons (D)
  8 adder zombies (D)
  4 bat skeletons (D)
  5 bat zombies (D)
  3 ball pythons (D)
  A ball python skeleton (D)
  2 ball python zombies (D)
  2 giant cockroach zombies (D)
  A jackal zombie (D)
  A leopard gecko skeleton (D)
  2 leopard gecko zombies (D)
  3 quokka skeletons (D)
  2 quokka zombies (D)
  A lurking horror (D)
525 creatures vanquished.

Vanquished Creatures (others)
  A blizzard demon (D)
  2 bat skeletons (D)
  6 starspawn tentacles (D)
9 creatures vanquished.

Grand Total: 534 creatures vanquished

Notes
Turn   | Place    | Note
-------+----------+-------------------------------------------
     0 | D        | Found the +6 Majin-Bo {vamp, Archmagi MP+6 Int+6}
     0 | D        | Found the +7 great mace "Firestarter" {inner flame, rF++}
     0 | D        | raistware the Hill Orc Fighter began the quest for the Orb.
     0 | D        | Reached XP level 1. HP: 19/19 MP: 1/1
    14 | D        | Found a blossoming altar of Fedhas.
    15 | D        | Found a viscous altar of Jiyva.
    15 | D        | Found a hazy altar of Hepliaklqana.
    15 | D        | Found a transporter.
    15 | D        | Found an opulent altar of Gozag.
    15 | D        | Found an ancient bone altar of Kikubaaqudgha.
    15 | D        | Found a corrupted altar of Lugonu.
    18 | D        | Found a burning altar of Makhleb.
    19 | D        | Found a sacrificial altar of Ru.
    19 | D        | Found a stormy altar of Qazlal.
    19 | D        | Found a deep blue altar of Sif Muna.
    19 | D        | Found an iron altar of Okawaru.
    19 | D        | Found a bloodstained altar of Trog.
    19 | D        | Found a sparkling altar of Nemelex Xobeh.
    36 | D        | Found the +6 shillelagh "Devastator" {shatter}
    36 | D        | Found the +11 plutonium sword {*Contam Stlth-}
    36 | D        | Found the +8 lance "Wyrmbane" {slay drac, rPois rF+ rC+ AC+3}
    36 | D        | Found the +9 sword of Zonguldrok {reap}
    36 | D        | Found the cursed +13 scythe of Curses {drain, *Curse}
    36 | D        | Found the +0 sword of Power
    36 | D        | Found the +10 mace of Variability {chaos}
    36 | D        | Found the +7 Singing Sword
    36 | D        | Found the +7 longbow "Piercer" {penet, EV-2}
    39 | D        | Found the +9 heavy crossbow "Sniper" {velocity, Acc+∞ SInv}
    39 | D        | Found the +10 dark maul {crush}
    39 | D        | Found the +15 Maxwell's patent armour {-Cast -Tele rElec MR+ rCorr}
    39 | D        | Found the +18 shield of the Gong {rElec rN+ MR+ EV-5}
    39 | D        | Found the cursed +14 obsidian axe {chop, +Fly SInv *Curse}
    56 | D        | Became a worshipper of Qazlal Stormbringer
    69 | D        | Entered arena 2.
    69 | D        | Noticed a water moccasin
    69 | D        | Found a transporter.
    85 | D        | Killed a water moccasin
    85 | D        | Reached skill level 5 in Invocations
    85 | D        | Reached XP level 2. HP: 21/26 MP: 1/5
    85 | D        | Reached XP level 3. HP: 26/31 MP: 1/6
    85 | D        | Reached XP level 4. HP: 32/39 MP: 1/7
    86 | D        | Reached skill level 5 in Armour
    86 | D        | Reached XP level 5. HP: 38/45 MP: 1/10
   160 | D        | Entered arena 3.
   160 | D        | Noticed a merfolk
   160 | D        | Noticed a merfolk
   160 | D        | Noticed a merfolk
   160 | D        | Found a transporter.
   170 | D        | Killed a merfolk
   170 | D        | Reached * piety under Qazlal
   170 | D        | Reached skill level 10 in Shields
   170 | D        | Reached XP level 6. HP: 51/55 MP: 11/11
   170 | D        | Reached XP level 7. HP: 56/60 MP: 12/12
   177 | D        | Killed a merfolk
   177 | D        | Reached skill level 5 in Fighting
   177 | D        | Reached skill level 10 in Polearms
   196 | D        | Killed a merfolk
   196 | D        | Reached XP level 8. HP: 58/70 MP: 14/14
   210 | D        | Got Sif Muna's Compendium of the Invisible Planets
   253 | D        | Entered arena 4.
   253 | D        | Noticed a tarantella
   253 | D        | Noticed a tarantella
   253 | D        | Found a transporter.
   266 | D        | Killed a tarantella
   266 | D        | Reached ** piety under Qazlal
   271 | D        | Killed a tarantella
   280 | D        | Got the Handbook of Air and the Rocks
   285 | D        | Entered arena 5.
   285 | D        | Noticed a jumping spider
   285 | D        | Noticed a jumping spider
   285 | D        | Found a transporter.
   291 | D        | Killed a jumping spider
   291 | D        | Reached *** piety under Qazlal
   291 | D        | Reached skill level 5 in Dodging
   308 | D        | Killed a jumping spider
   308 | D        | Reached XP level 9. HP: 79/79 MP: 16/16
   316 | D        | Entered arena 6.
   316 | D        | Noticed a merfolk
   316 | D        | Noticed a merfolk
   316 | D        | Noticed a merfolk
   316 | D        | Noticed a merfolk
   316 | D        | Noticed a merfolk
   316 | D        | Found a transporter.
   333 | D        | Killed a merfolk
   333 | D        | Reached **** piety under Qazlal
   333 | D        | Reached skill level 10 in Invocations
   343 | D        | Killed a merfolk
   351 | D        | Killed a merfolk
   354 | D        | Killed a merfolk
   363 | D        | Killed a merfolk
   491 | D        | Entered arena 7.
   491 | D        | Noticed a merfolk
   491 | D        | Noticed a merfolk
   491 | D        | Noticed a merfolk
   491 | D        | Noticed a merfolk
   491 | D        | Noticed a merfolk
   492 | D        | Found a transporter.
   504 | D        | Reached ***** piety under Qazlal
   506 | D        | Killed a merfolk
   512 | D        | Killed a merfolk
   512 | D        | Reached XP level 10. HP: 85/91 MP: 18/18
   528 | D        | Reached skill level 10 in Armour
   657 | D        | Entered arena 8.
   657 | D        | Noticed a black mamba
   657 | D        | Noticed a black mamba
   669 | D        | Killed a black mamba
   671 | D        | Killed a black mamba
   676 | D        | Reached ****** piety under Qazlal
   686 | D        | Found a transporter.
   696 | D        | Got the Compendium of Enthralling Conjuration
   699 | D        | Got the Tome of Poisoning and Cold
   703 | D        | Entered arena 9.
   720 | D        | Found a transporter.
   729 | D        | Got the Grimoire of Creative Cold
   738 | D        | Entered arena 10.
   738 | D        | Noticed a large abomination
   739 | D        | Reached skill level 10 in Fighting
   740 | D        | Found a transporter.
   747 | D        | Killed a large abomination
   792 | D        | Entered arena 11.
   792 | D        | Noticed a spiny frog
   801 | D        | Killed a spiny frog
   812 | D        | Reached XP level 11. HP: 101/101 MP: 20/20
   820 | D        | Found a transporter.
   835 | D        | Got the ring of Ditruv {rF+ MR+ Str+3}
   856 | D        | Entered arena 12.
   856 | D        | Noticed a yellow draconian
   856 | D        | Noticed a white draconian
   856 | D        | Noticed a green draconian
   856 | D        | Noticed a yellow draconian
   856 | D        | Noticed a purple draconian
   856 | D        | Noticed a red draconian
   856 | D        | Noticed a black draconian
   856 | D        | Noticed a moth of wrath
   857 | D        | Noticed a black draconian
   858 | D        | Noticed an Orb Guardian
   859 | D        | Killed a moth of wrath
   859 | D        | Reached skill level 15 in Shields
   872 | D        | Killed a purple draconian
   879 | D        | Killed a green draconian
   888 | D        | Killed an Orb Guardian
   888 | D        | Reached skill level 10 in Dodging
   888 | D        | Killed a black draconian
   891 | D        | Killed a yellow draconian
   893 | D        | Killed a white draconian
   899 | D        | Killed a red draconian
   903 | D        | Killed a black draconian
   903 | D        | Reached XP level 12. HP: 39/113 MP: 13/22
   905 | D        | Killed a yellow draconian
   915 | D        | Found a transporter.
  1166 | D        | Entered arena 13.
  1167 | D        | Found the ring of Robustness {AC+8}
  1168 | D        | Found the +4 robe of Augmentation {Str+4 Int+4 Dex+4}
  1168 | D        | Reached skill level 15 in Armour
  1169 | D        | Found a transporter.
  1196 | D        | Got the amulet "Xiomir" {RegenMP rF+ Int+2}
  1198 | D        | Got the ring "Fanwampa" {rF+ Dex+4 SInv}
  1218 | D        | Entered arena 14.
  1218 | D        | Noticed an ophan
  1218 | D        | Noticed a pearl dragon
  1219 | D        | Noticed an apis
  1219 | D        | Noticed an apis
  1219 | D        | Noticed a pearl dragon
  1220 | D        | Found the +3 hat of Pondering {ponderous, MR+ MP+10 Int+5}
  1220 | D        | Killed a pearl dragon
  1220 | D        | Reached skill level 15 in Invocations
  1220 | D        | Killed an apis
  1221 | D        | Noticed an ophan
  1224 | D        | Killed a pearl dragon
  1224 | D        | Killed an ophan
  1224 | D        | Reached XP level 13. HP: 105/125 MP: 17/25
  1224 | D        | Killed an apis
  1232 | D        | Killed an ophan
  1267 | D        | Found a transporter.
  1290 | D        | Got the ring of Egoph {rElec rPois rC- MR+ Str+6}
  1298 | D        | Got Hucouqea's Catalogue of Dusty Stolen Souls
  1303 | D        | Entered arena 15.
  1306 | D        | Reached skill level 15 in Fighting
  1311 | D        | Found a transporter.
  1329 | D        | Got the Catalogue of Blistering Summoning
  1414 | D        | Entered arena 16.
  1415 | D        | Noticed a bone dragon
  1441 | D        | Killed a bone dragon
  1441 | D        | Reached skill level 15 in Dodging
  1443 | D        | Found a transporter.
  1469 | D        | Identified a +0 pair of boots of running (You found it in the Dungeon)
  1629 | D        | Entered arena 17.
  1632 | D        | Noticed a merfolk javelineer
  1632 | D        | Noticed a merfolk javelineer
  1632 | D        | Noticed a merfolk impaler
  1632 | D        | Noticed a merfolk javelineer
  1632 | D        | Noticed a merfolk impaler
  1632 | D        | Noticed a merfolk impaler
  1634 | D        | Killed a merfolk impaler
  1634 | D        | Killed a merfolk impaler
  1634 | D        | Killed a merfolk javelineer
  1634 | D        | Killed a merfolk javelineer
  1634 | D        | Reached XP level 14. HP: 138/138 MP: 25/27
  1643 | D        | Found a transporter.
  1686 | D        | Got the amulet of Cowardice {Harm *Drain Int+4 Slay+3}
  1715 | D        | Got Joloat's Compendium of Hexes
  1739 | D        | Entered arena 18.
  1741 | D        | Noticed a stone giant
  1742 | D        | Noticed a stone giant
  1742 | D        | Noticed a fire giant
  1742 | D        | Noticed a fire giant
  1744 | D        | Found a transporter.
  1756 | D        | Killed a fire giant
  1763 | D        | Killed a fire giant
  1774 | D        | Killed a stone giant
  1786 | D        | Killed a stone giant
  1800 | D        | Got the ring "Gel Ised" {rF+ MP+9 Int+2 Stlth+}
  1833 | D        | Entered arena 19.
  1835 | D        | Noticed a lich
  1836 | D        | Noticed a ghoul
  1842 | D        | Killed a ghoul
  1842 | D        | Killed a lich
  1852 | D        | Found a transporter.
  1896 | D        | Got the Almanac of Glacial Heat
  1923 | D        | Entered arena 20.
  1928 | D        | Noticed a reaper
  1930 | D        | Found the ring of the Mage {Wiz MR++ Int+3}
  1930 | D        | Killed a reaper
  1931 | D        | Found a transporter.
  2071 | D        | Entered arena 21.
  2074 | D        | Noticed a deep elf annihilator
  2075 | D        | Noticed a deep elf annihilator
  2075 | D        | Noticed a deep elf master archer
  2075 | D        | Noticed a deep elf sorcerer
  2075 | D        | Noticed a deep elf master archer
  2075 | D        | Noticed a deep elf annihilator
  2076 | D        | Noticed a deep elf blademaster
  2076 | D        | Noticed a deep elf sorcerer
  2076 | D        | Noticed a deep elf blademaster
  2077 | D        | Noticed a deep elf master archer
  2077 | D        | Noticed a deep elf sorcerer
  2078 | D        | Reached XP level 15. HP: 149/149 MP: 29/29
  2078 | D        | Killed a deep elf sorcerer
  2078 | D        | Reached skill level 1 in Evocations
  2078 | D        | Killed a deep elf master archer
  2078 | D        | Killed a deep elf master archer
  2078 | D        | Killed a deep elf blademaster
  2078 | D        | Killed a deep elf sorcerer
  2078 | D        | Reached skill level 5 in Evocations
  2078 | D        | Killed a deep elf sorcerer
  2079 | D        | Found a transporter.
  2096 | D        | Killed a deep elf blademaster
  2099 | D        | Killed a deep elf master archer
  2127 | D        | Got the amulet "Nueng" {Harm *Drain rPois rC- Int+6 Slay+2}
  2166 | D        | Entered arena 22.
  2173 | D        | Reached XP level 16. HP: 162/162 MP: 30/32
  2198 | D        | Found a transporter.
  2207 | D        | Got the ring of Buolodghok {AC+2 Dex+5}
  2216 | D        | Got the ring "Extagach" {rElec rN+ Int+7 Dex-2 Stlth+}
  2249 | D        | Got the Volume of Cloudy Bewitchment
  2254 | D        | Got the ring of the Thirteen Lies {Int+4 Dex+7}
  2318 | D        | Entered arena 23.
  2329 | D        | Found a transporter.
  2353 | D        | Got the ring of Toaph {Ice Str+3 Int+5}
  2366 | D        | Got the ring of the Invisible Hand {rF- Str+6 Dex+3 Stlth+}
  2371 | D        | Got the amulet "Zixinn" {Faith *Drain Dex+6}
  2371 | D        | Got the ring "Damnable Contraption" {Wiz rC+ rN++ MP+9}
  2398 | D        | Learned a level 8 spell: Infestation
  2402 | D        | Entered arena 24.
  2407 | D        | Noticed a red draconian monk
  2411 | D        | Found the +0 Maxwell's etheric cage {RegenMP+ *Contam rElec MP+4}
  2411 | D        | Reached skill level 1 in Spellcasting
  2411 | D        | Reached skill level 1 in Necromancy
  2411 | D        | Reached skill level 10 in Evocations
  2411 | D        | Reached skill level 5 in Necromancy
  2411 | D        | Reached XP level 17. HP: 160/173 MP: 32/34
  2411 | D        | Reached skill level 5 in Spellcasting
  2411 | D        | Reached skill level 27 in Invocations
  2413 | D        | Found a transporter.
  2470 | D        | Got the Guide on the Escort and the Glacier
  2488 | D        | Got the ring "Juadyube" {+Fly MR+ EV+5 Dex+2}
  2518 | D        | Entered arena 25.
  2530 | D        | Reached skill level 27 in Armour
  2531 | D        | Reached skill level 10 in Necromancy
  2542 | D        | Found a transporter.
  2585 | D        | Got the ring "Ystrafir" {AC+4 Int+4}
  2593 | D        | Got the cursed ring "Sywefekk" {rElec rPois rF+ Dex-2}
  2624 | D        | Got the Compendium of Unstable Shape Shifting
  2628 | D        | Got Sif Muna's Disquisition on Ghastly Air
  2646 | D        | Entered arena 26.
  2653 | D        | Noticed a shard shrike
  2654 | D        | Noticed a shard shrike
  2655 | D        | Noticed a shard shrike
  2656 | D        | Found the +10 zealot's sword {holy, *Rage rN+ EV+3}
  2661 | D        | Noticed an Ice Fiend
  2662 | D        | Killed a shard shrike
  2662 | D        | Reached XP level 18. HP: 159/188 MP: 24/35
  2662 | D        | Noticed a shard shrike
  2666 | D        | Killed a shard shrike
  2669 | D        | Killed a shard shrike
  2669 | D        | Reached skill level 10 in Spellcasting
  2669 | D        | Reached skill level 15 in Evocations
  2672 | D        | Killed a shard shrike
  2682 | D        | Killed an Ice Fiend
  2706 | D        | Found a transporter.
  2707 | D        | Got the ring of Sinolen {Wiz MR+ Dex+6}
  2804 | D        | Entered arena 27.
  2812 | D        | Noticed Qokippud the pandemonium lord
  2815 | D        | Noticed Fiseal the pandemonium lord
  2815 | D        | Noticed a lich
  2818 | D        | Killed Fiseal the pandemonium lord
  2819 | D        | Killed a lich
  2826 | D        | Killed Qokippud the pandemonium lord
  2826 | D        | Reached skill level 15 in Necromancy
  2829 | D        | Found the +2 hat of the Bear Spirit {Spirit, +Rage rN+ MR++}
  2844 | D        | Found a transporter.
  2855 | D        | Got the Almanac of Ashen Combat Magic
  2861 | D        | Got the amulet of Likhlih {+Rage rF+ Dex+5}
  2867 | D        | Got the amulet "Esapyr" {Acrobat MP+9 Stlth+}
  2873 | D        | Got the Compendium of Necromancy and Fire
  2884 | D        | Got Sif Muna's Disquisition on Unstable Confrontation
  2917 | D        | Got Sif Muna's Volume of Displaced Intoxication
  3066 | D        | Entered arena 28.
  3078 | D        | Reached XP level 19. HP: 160/203 MP: 36/36
  3079 | D        | Reached skill level 27 in Fighting
  3079 | D        | Reached skill level 27 in Dodging
  3079 | D        | Reached skill level 15 in Spellcasting
  3111 | D        | Found a transporter.
  3126 | D        | Got the ring "Cegh" {MR+ SInv}
  3148 | D        | Got the ring of Taculice {rPois rN+ Str+7 Int-3 Dex+5}
  3162 | D        | Got the +1 helmet of a labyrinth {rN+ SInv}
  3188 | D        | Got the Reference Book on Earth and Ice
  3221 | D        | Got the amulet of the Burgomaster {Inacc rC- Str+5}
  3232 | D        | Got the Orb of Zot
  3982 | D        | Reached skill level 1 in Summonings
  3982 | D        | Reached skill level 1 in Earth Magic
  4685 | D        | Gained mutation: Your body sometimes deteriorates upon taking damage. [a neqoxec]
  4696 | D        | Escaped with the Orb!

Vault maps used:
D:        sprint_v

Skill      XL: |  1  2  3  4  5  6  7  8  9 10 11 12 13 14 15 16 17 18 19 |
---------------+----------------------------------------------------------+-----
Polearms       | 6 8 9 10 11 12 | 12.1
Shields        | 7 9 10 12 13 14 15 | 15.0
Invocations    | 5 7 8 9 11 12 14 16 18 21 24 26 27 | 27.0
Armour         | 5 6 7 9 11 14 17 19 21 23 25 27 | 27.0
Dodging        | 2 3 4 5 6 8 11 13 15 17 19 20 23 25 27 | 27.0
Fighting       | 4 5 7 9 10 12 14 16 18 19 21 23 25 27 | 27.0
Evocations     | 8 11 14 17 21 | 21.7
Spellcasting   | 4 9 12 16 | 16.3
Necromancy     | 6 11 15 20 | 20.2
Summonings     | 2 |  2.5
Earth Magic    | 2 |  2.5

Action                   |  1- 3 |  4- 6 |  7- 9 | 10-12 | 13-15 | 16-18 | 19-21 || total
-------------------------+-------+-------+-------+-------+-------+-------+-------++-------
Melee: Lance             |    16 |     9 |   117 |   133 |   132 |   132 |    26 ||   565
Invok: Disaster Area     |       |       |       |     4 |     9 |    10 |     2 ||    25
       Upheaval          |       |       |       |     1 |       |     2 |       ||     3
  Use: Potion            |       |     1 |       |     4 |     1 |       |       ||     6
       Scroll            |       |       |       |       |     1 |     6 |     1 ||     8
  Eat: Chunk             |       |       |       |     1 |     4 |     3 |       ||     8
       Ration            |       |       |       |       |       |       |     2 ||     2
Armor: Gold dragon scale |     4 |     2 |    31 |    11 |    29 |    40 |     1 ||   118
Dodge: Dodged            |       |     1 |     3 |     4 |    18 |    46 |     2 ||    74
       Deflected         |       |       |       |     2 |     3 |     2 |       ||     7
Block: Shield            |    19 |    12 |   139 |   135 |   170 |   197 |    13 ||   685

Table legend:
 A = Spawn XP
 B = Non-spawn XP
 C = Spawn XP percentage of total XP
 D = Spawn monster count
 E = Non-spawn monster count
 F = Spawn count percentage of total count
 G = Total turns spent on level
                    A         B        C        D         E        F      G
               +---------+---------+-------+---------+---------+-------+---------
         Total |       0 |  395582 |   0.0 |       0 |     522 |   0.0 |  4696
               +---------+---------+-------+---------+---------+-------+---------
             D |       0 |  395582 |   0.0 |       0 |     522 |   0.0 |  4696
               +---------+---------+-------+---------+---------+-------+---------
